 Dungeon Crawl Stone Soup version 0.16-a0-1816-g2c93a98 (webtiles) character file.

425 timbw the Insei (level 6, -8/38 HPs)
             Began as an Octopode Transmuter on Nov 3, 2014.
             Mangled by an ice beast (13 damage)
             ... on level 5 of the Dungeon.
             The game lasted 00:10:37 (2875 turns).

timbw the Insei (Octopode Transmuter)               Turns: 2875, Time: 00:10:37

Health: -8/38      AC:  1    Str:  9    XL:     6   Next: 96%
Magic:  10/10      EV: 13    Int: 16    God:
Gold:   126        SH:  0    Dex: 14    Spells: 3 memorised, 1 level left

rFire  . . .     SeeInvis .       - Unarmed
rCold  . . .     Clarity  .     (no shield)
rNeg   . . .     SustAb   .     (helmet restricted)
rPois  .         Gourm    .     e - amulet of resist mutation
rElec  .         Spirit   .     (no ring)
rCorr  .         Warding  .     (no ring)
rMut   +         Stasis   .     (no ring)
MR     .....                    (no ring)
Stlth  ++........               (no ring)
                                (no ring)
                                (no ring)
                                (no ring)

@: not resistant to hostile enchantments, unstealthy
A: almost no armour, amphibious, 8 rings, constrict 8, camouflage 1, gelatinous
body 1
a: no special abilities


You were on level 5 of the Dungeon.
You were not hungry.

You visited 1 branch of the dungeon, and saw 6 of its levels.

You collected 126 gold pieces.

Inventory:

Missiles
 b - 86 arrows
 v - 15 poisoned needles
Jewellery
 c - an uncursed ring of fire
 e - an amulet of resist mutation (around mantle)
Magical devices
 m - a wand of polymorph (18)
 p - a wand of polymorph (5)
Scrolls
 g - 2 scrolls of immolation {unknown}
 h - 2 scrolls of remove curse {unknown}
 l - 2 scrolls of fear {unknown}
 n - 4 scrolls of teleportation {unknown}
 r - 3 scrolls of enchant weapon
 t - 2 scrolls of identify
 u - a scroll of recharging {unknown}
 x - a scroll of random uselessness {unknown}
Potions
 f - a potion of poison
 i - a potion of lignification
 j - 4 potions of agility
 o - 2 potions of curing {unknown}
 q - a potion of heal wounds
 s - 2 potions of haste {unknown}
 w - a potion of invisibility {unknown}
 A - a potion of cancellation {unknown}
Books
 d - a book of Changes

   Spells                             Type                      Level
   *Beastly Appendage                 Transmutation                1
   Sticks to Snakes                   Transmutation                2
   *Spider Form                       Transmutation/Poison         3
   *Ice Form                          Ice/Transmutation            4
   Blade Hands                        Transmutation                5
Comestibles
 a - 3 bread rations
 k - a meat ration
 z - a chunk of flesh


   Skills:
 - Level 1.0 Fighting
 + Level 3.0 Dodging
 * Level 5.6 Unarmed Combat
 + Level 2.2 Spellcasting
 * Level 3.8 Transmutations
 - Level 2.8 Poison Magic


You had one spell level left.
You knew the following spells:

 Your Spells              Type           Power        Failure   Level  Hunger
a - Beastly Appendage     Trmt           ##....       6%          1    #......
b - Spider Form           Trmt/Pois      ##........   17%         3    ###....
c - Ice Form              Ice/Trmt       #.......     91%         4    #####..


Dungeon Overview and Level Annotations

Branches:
Dungeon (6/15)
 Temple: D:4-7

Altars:
Elyvilon
Xom


Innate Abilities, Weirdness & Mutations

You cannot wear most types of armour.
You are amphibious.
You can wear up to eight rings at the same time.
You can use your tentacles to constrict many enemies at once.
Your skin changes colour to match your surroundings (Stealth).
Your rubbery body absorbs attacks (AC +1).


Message History

The ice beast hits you. The ice beast freezes you!
You tentacle-slap the ice beast.
The ice beast is severely wounded.
The ice beast hits you. The ice beast freezes you!
* * * LOW HITPOINT WARNING * * *
Drink which item? (? for menu, Esc to quit)
You feel much better. The ice beast hits you. The ice beast freezes you!
You tentacle-slap the ice beast but do no damage.
The ice beast is severely wounded.
The ice beast misses you.
You tentacle-slap the ice beast.
The ice beast is severely wounded.
The ice beast hits you. The ice beast freezes you!
* * * LOW HITPOINT WARNING * * *
You closely miss the ice beast.
The ice beast is severely wounded.
The ice beast hits you.
* * * LOW HITPOINT WARNING * * *
The ice beast freezes you!
You die...

####.#.###..##########.# #
...<###.##.............##########
#.##.# ####.#######..............
#.# #.# #.# ###.############# #.#
## #.# #.##.# # #.#
####.###.#.#.# #
#.######.......###..## #
............###Y#....##### #
#......#.##.# ##@........# #
######.# #.####.##.##.#.########
# #....>...............# ####
#.####.##.##.#.#####.# ##.. ...
#.# ##.#.#.##.#####.## .#.#
.#.##.# #...##.........#
.#.###....#.# #...##..#####..#
...##........ .........# #..#
...##.....#.# ##...##...####..#


You could see an ice beast.

Vanquished Creatures
  Purgy (D:3)
  A hound (D:5)
  An orc wizard (D:3)
  An orc priest (D:3)
  An iguana (D:4)
  3 worker ants
  4 adders
  An orc skeleton (D:3)
  2 giant mites
  2 worms
  A shadow imp (D:5)
  3 giant geckos
  An ooze (D:1)
  9 orcs
  2 giant cockroaches
  4 hobgoblins
  3 jackals
  A quokka (D:2)
  A ball python (D:2)
  7 bats
  3 giant newts
  A giant newt skeleton (D:4)
  6 goblins
  A jackal zombie (D:5)
  7 kobolds
  A kobold zombie (D:5)
  6 rats
74 creatures vanquished.

Notes
Turn   | Place    | Note
--------------------------------------------------------------
     0 | D:1      | timbw, the Octopode Transmuter, began the quest for the Orb.
     0 | D:1      | Reached XP level 1. HP: 13/13 MP: 3/3
    32 | D:1      | Reached XP level 2. HP: 9/18 MP: 2/4
   449 | D:1      | Reached skill level 4 in Unarmed Combat
   502 | D:2      | Reached XP level 3. HP: 14/23 MP: 4/6
   509 | D:3      | Noticed Purgy
   814 | D:2      | Learned a level 3 spell: Spider Form
   938 | D:2      | Reached XP level 4. HP: 24/28 MP: 5/7
  1017 | D:3      | Reached skill level 1 in Poison Magic
  1279 | D:3      | Reached XP level 5. HP: 24/33 MP: 7/9
  1509 | D:3      | Killed Purgy
  1509 | D:3      | Reached skill level 5 in Unarmed Combat
  1509 | D:3      | Reached XP level 6. HP: 18/38 MP: 6/10
  2171 | D:4      | Found a shimmering altar of Xom.
  2182 | D:4      | Found a shimmering altar of Xom.
  2366 | D:5      | Entered Level 5 of the Dungeon
  2574 | D:5      | Found a white marble altar of Elyvilon.
  2836 | D:5      | Learned a level 4 spell: Ice Form
  2875 | D:5      | Mangled by an ice beast

Action                   |  1- 3 |  4- 6 || total
-------------------------+-------+-------++-------
Melee: Unarmed           |    54 |   133 ||   187
 Cast: Beastly Appendage |    14 |    11 ||    25
       Spider Form       |       |     7 ||     7
  Use: Scroll            |     3 |     3 ||     6
       Potion            |       |     2 ||     2
 Stab: Sleeping          |     2 |     3 ||     5
  Eat: Chunk             |     1 |     7 ||     8
